 Dungeon Crawl Stone Soup version 0.31.0-32-g396128a36d (webtiles) character file.

Game seed: 869945248064490449

8366 doomedcactus the Grappler (level 10, -1/84 HPs)
             Began as a Demigod Shapeshifter on Mar 14, 2024.
             Slain by an ice devil (16 damage)
             ... in an ice cave.
             The game lasted 00:33:04 (12201 turns).

doomedcactus the Grappler (Demigod Shapeshifter)   Turns: 12201, Time: 00:33:05

Health: -1/84      AC:  7    Str: 29    XL:     10   Next: 83%
Magic:  13/13      EV: 14    Int: 18    God:
Gold:   704        SH:  0    Dex: 17    Spells: 9/9 levels left

rFire   . .          .
                       - Unarmed
rCold   . . .        (no shield)
rNeg    . . .        E - +0 acid dragon scales
rPois   .            (helmet currently unavailable)
rElec   .            (cloak currently unavailable)
rCorr   +            (gloves currently unavailable)
SInv    .            (boots currently unavailable)
Will    +....        f - amulet of regeneration
Stlth   +            j - +6 ring of strength
HPRegen 1.14/turn    v - +6 ring of intelligence
MPRegen 0.13/turn

%: no passive effects
@: beast-form
A: beast (slay +3), high MP 1, forlorn, divine attributes
a: Begin Untransformation


You were in an ice cave.
You were a hulking beast.
You visited 1 branch of the dungeon, and saw 11 of its levels.
You also visited: Ossuary and Ice Cave.

You collected 704 gold pieces.

Inventory:

Missiles
 o - a throwing net (quivered)
Armour
 a - a +0 animal skin
 g - a +2 ring mail
 r - a +0 pair of boots
 E - +0 acid dragon scales (worn)
 H - the +5 ring mail "Cikhyfe" {rC- Regen+ Int+4}
   (You found it on level 10 of the Dungeon)

   Int+4:     It affects your intelligence (+4).
   rC-:       It makes you vulnerable to cold.
   Regen+:    It increases your rate of health regeneration.
Jewellery
 b - a ring of fire
 f - an amulet of regeneration (around neck)
 j - a +6 ring of strength (left hand)
 p - an amulet of reflection
 v - a +6 ring of intelligence (right hand)
 z - a ring of see invisible
 F - a ring of protection from fire
Talismans
 c - a beast talisman
 d - a flux talisman
Scrolls
 e - 3 scrolls of amnesia
 h - 2 scrolls of poison
 k - a scroll of teleportation
 l - a scroll of blinking
 n - 4 scrolls of fear
 y - 2 scrolls of identify
 B - 2 scrolls of noise
 G - a scroll of acquirement {unknown}
 I - a scroll of silence {unknown}
Potions
 i - a potion of brilliance
 m - 4 potions of attraction
 q - 4 potions of magic
 s - 5 potions of mutation
 t - 4 potions of curing
 u - a potion of haste
 w - a potion of ambrosia
 x - 5 potions of enlightenment
 A - a potion of berserk rage {unknown}
 D - 3 potions of resistance


   Skills:
 * Level 6.4 Fighting
 - Level 5.0 Armour
 * Level 5.8 Dodging
 - Level 0.1 Stealth
 + Level 10.7 Unarmed Combat
 + Level 0.7 Evocations
 * Level 6.6 Shapeshifting


You had 9 spell levels left.
You didn't know any spells.
Your spell library contained the following spells:

 Spells                   Type           Power      Damage    Failure   Level
 Magic Dart               Conj           0%         1d3       26%         1
 Necrotise                Necr           0%         1d4       26%         1
 Sandblast                Erth           0%         2d4       26%         1
 Blink                    Tloc           0%         N/A       36%         2
 Call Imp                 Summ           0%         N/A       36%         2
 Static Discharge         Conj/Air       0%         3-3/arc   36%         2
 Inner Flame              Hex/Fire       0%         N/A       61%         3
 Passwall                 Erth           0%         N/A       61%         3
 Stone Arrow              Conj/Erth      0%         3d7       61%         3
 Summon Ice Beast         Ice/Summ       0%         N/A       61%         3
 Vampiric Draining        Necr           0%         2d6       61%         3
 Airstrike                Air            0%         2d(0-16)  95%         4
 Brom's Barrelling Bould  Conj/Erth      0%         2d3       95%         4
 Iskenderun's Mystic Bla  Conj/Tloc      0%         2d3       95%         4
 Martyr's Knell           Necr/Summ      0%         N/A       95%         4
 Summon Lightning Spire   Summ/Air       0%         N/A       95%         4
 Curse of Agony           Necr           0%         N/A       100%        5
 Irradiate                Conj/Alch      0%         3d11      100%        5
 Dispersal                Tloc           0%         N/A       100%        6
 Haunt                    Necr/Summ      0%         N/A       100%        7
 Ignition                 Fire           0%         3d3       100%        8


Dungeon Overview and Level Annotations

Branches:
Dungeon (11/15)            Temple (0/1) D:4             Orc (0/2) D:11
Ossuary (visited)           IceCv (1/1)
   Lair: D:8-11

Annotations:
D:5 3 runed translucent doors, sklod's ghost, novice HOBe
D:6 2 runed translucent doors, Cuillere's ghost, amateur MiFi
D:9 1 runed translucent door, aimeelou's ghost, journeyman TrFi
D:10 3 runed translucent doors, exclusion: obsidian statue, Goblin1989's ghost, journeyman DsBr


Innate Abilities, Weirdness & Mutations

You are a hulking beast.
Your limbs bulge with bestial killing power. (Slay +3)
You have an increased reservoir of magic. (+10% MP)
You shall have no god before yourself.
Your divine heritage dramatically boosts your attributes as you level up.


Message History

The ice devil is moderately wounded.
The ice devil misses you.
You punch the ice devil!
The ice devil is severely wounded.
The ice devil hits you but does no damage.
The ice devil hits you. The ice devil freezes you!
* * * LOW HITPOINT WARNING * * *
You hit the ice devil but do no damage.
The ice devil is severely wounded.
The ice devil barely misses you.
You punch the ice devil!
The ice devil is almost dead.
The ice devil hits you.
* * * LOW HITPOINT WARNING * * *
The ice devil freezes you!
* * * LOW HITPOINT WARNING * * *
The ice devil hits you but does no damage.
Blink to where?
Press: ? - help, Dir - move target
As you read the scroll of blinking, it crumbles to dust.
You feel better.
You feel better.
You feel better.
You hit the ice devil but do no damage.
The ice devil is almost dead.
The ice devil misses you.
You barely miss the ice devil.
The ice devil is almost dead.
The ice devil hits you but does no damage.
You hit the ice devil.
The ice devil is almost dead.
The ice devil completely misses you. The ice devil hits you.
The ice devil freezes you!!
* * * LOW HITPOINT WARNING * * *
You completely miss the ice devil.
The ice devil is almost dead.
The ice devil hits you.
* * * LOW HITPOINT WARNING * * *
The ice devil freezes you!
You die...

#.. ... .... ####
..... ##..######
#.....
##....##4h##......
#.......4.........
#..∩∩.............
#.......##........
##....######......
##..## #..... ####
..... .... ...


You could see 2 ice devils.

Vanquished Creatures
  Maggie (D:9)
  2 unseen horrors
  A kobold demonologist (D:10)
  3 trolls
  A hornet (D:11)
  Grinder (D:3)
  7 yaks (D:9)
  3 wraiths
  A steam dragon (D:8)
  Menkaure (D:4)
  4 vampire mosquitoes (D:11)
  Duvessa (D:4)
  An acid dragon (D:10)
  2 black bears
  An orc warrior (D:9)
  2 ogres
  2 centaurs
  A phantom (D:11)
  3 kobold brigands
  8 bullfrogs
  A gnoll sergeant (D:5)
  A two-headed ogre simulacrum (D:11)
  5 scorpions
  4 wights
  Dowan (D:4)
  3 troll zombies (D:11)
  4 howler monkeys
  A jelly (D:6)
  5 hounds
  A centaur zombie (D:5)
  A gnoll bouda (D:9)
  3 bombardier beetles
  A centaur skeleton (Ossuary)
  A spectral scorpion (Ossuary)
  5 orc priests
  Jessica (D:2)
  An iguana (D:5)
  Natasha (D:3)
  6 orc wizards
  3 troll simulacra
  A spriggan simulacrum (D:11)
  A scorpion zombie (D:5)
  A crocodile zombie (Ossuary)
  2 ogre zombies (D:11)
  11 mummies (Ossuary)
  11 gnolls
  16 adders
  A naga simulacrum (D:11)
  A shadow imp (D:6)
  A white imp (D:7)
  2 dart slugs
  A ribbon worm (D:2)
  31 orcs
  6 ball pythons
  7 bats
  7 endoplasms
  2 giant cockroaches
  2 gnoll zombies (D:11)
  10 hobgoblins
  2 jackals (D:3)
  5 quokkas
  3 frilled lizards
  5 gnoll skeletons
  3 goblins
  23 kobolds
  2 kobold skeletons (Ossuary)
  4 orc skeletons
  10 orc zombies (D:11)
  7 rats
  10 spectral rats (Ossuary)
283 creatures vanquished.

Notes
Turn   | Place    | Note
-------+----------+-------------------------------------------
     0 | D:1      | doomedcactus the Demigod Shapeshifter began the quest for
                  | the Orb.
     0 | D:1      | Reached XP level 1. HP: 15/15 MP: 3/3
   296 | D:1      | Reached skill level 1 in Fighting
   296 | D:1      | Reached skill level 3 in Unarmed Combat
   451 | D:1      | Reached XP level 2. HP: 23/23 MP: 4/4
  1192 | D:2      | Reached XP level 3. HP: 25/28 MP: 5/5
  1244 | D:2      | Noticed Jessica
  1250 | D:2      | Killed Jessica
  1251 | D:2      | Reached skill level 4 in Unarmed Combat
  1437 | D:2      | Reached XP level 4. HP: 35/35 MP: 6/6
  1635 | D:2      | Reached skill level 1 in Armour
  2182 | D:3      | Noticed Natasha
  2426 | D:3      | Killed Natasha
  2427 | D:3      | Reached XP level 5. HP: 41/41 MP: 7/7
  2526 | D:3      | Noticed Grinder
  2841 | D:3      | Reached skill level 5 in Unarmed Combat
  2848 | D:3      | HP: 2/41 [gnoll/+0 whip (5)]
  3358 | D:4      | Reached XP level 6. HP: 39/48 MP: 8/8
  3673 | D:4      | Noticed Duvessa
  3923 | D:3      | Killed Grinder
  3924 | D:3      | Reached XP level 7. HP: 25/56 MP: 9/9
  4052 | D:4      | Found a staircase to the Ecumenical Temple.
  4300 | D:4      | Noticed Menkaure
  4310 | D:4      | Killed Menkaure
  4311 | D:4      | Reached skill level 6 in Unarmed Combat
  4712 | D:4      | Noticed Dowan
  4723 | D:4      | Killed Duvessa
  4728 | D:4      | Killed Dowan
  4881 | D:5      | Entered Level 5 of the Dungeon
  4958 | D:5      | Reached XP level 8. HP: 38/64 MP: 10/10
  4969 | D:5      | Found a sand-covered staircase.
  4975 | Ossuary  | Entered an ossuary
  5861 | Ossuary  | Reached skill level 7 in Unarmed Combat
  6392 | D:5      | Identified the +0 hat of Kiyzui {rF+ SInv}
  6448 | D:5      | Found a runed translucent gate.
  6448 | D:5      | Found a runed translucent gate.
  6448 | D:5      | Found a runed translucent gate.
  6448 | D:5      | Noticed sklod's ghost (novice HOBe)
  7250 | D:6      | Reached XP level 9. HP: 66/72 MP: 11/11
  7267 | D:6      | Got the Encyclopedia of Company and Angles
  7372 | D:6      | Found a runed translucent door.
  7404 | D:6      | Found a runed translucent door.
  7408 | D:6      | Noticed Cuillere's ghost (amateur MiFi)
  7948 | D:7      | Reached skill level 8 in Unarmed Combat
  8713 | D:8      | Reached skill level 5 in Armour
  8738 | D:8      | Reached skill level 5 in Fighting
  8738 | D:8      | Reached skill level 5 in Shapeshifting
  9493 | D:9      | Noticed Maggie
  9506 | D:9      | Killed Maggie
  9507 | D:9      | Reached skill level 9 in Unarmed Combat
 10005 | D:9      | Reached XP level 10. HP: 71/82 MP: 13/13
 10066 | D:9      | Found a runed translucent door.
 10067 | D:9      | Noticed aimeelou's ghost (journeyman TrFi)
 10067 | D:9      | Noticed a +0 quarterstaff of chaos
 10701 | D:10     | Entered Level 10 of the Dungeon
 10773 | D:10     | Identified the +5 ring mail "Cikhyfe" {rC- Regen+ Int+4}
 10852 | D:10     | Noticed a soul eater
 10866 | D:10     | Reached skill level 5 in Dodging
 11180 | D:10     | Found a runed translucent gate.
 11181 | D:10     | Found a runed translucent gate.
 11181 | D:10     | Noticed an obsidian statue
 11182 | D:10     | Found a runed translucent gate.
 11183 | D:10     | Noticed a cyclops
 11183 | D:10     | Noticed Goblin1989's ghost (journeyman DsBr)
 11184 | D:10     | Noticed a death knight
 11193 | D:10     | Reached skill level 10 in Unarmed Combat
 11219 | D:10     | Identified the +6 long sword of Plague {protect, rElec rN+
                  | Str+2}
 11334 | D:10     | Identified the +8 long sword "Baukk" {freeze, +Blink rF+
                  | rN+}
 11378 | D:10     | Identified the +8 scale mail "Jiegol" {^Drain Slay+6}
 11595 | D:11     | Noticed a cyclops
 11974 | D:11     | Found a staircase to the Orcish Mines.
 12095 | D:11     | Found a frozen archway.
 12114 | IceCv    | Entered an ice cave
 12122 | IceCv    | HP: 2/84 [troll simulacrum (8)]
 12201 | IceCv    | Slain by an ice devil

Illustrated notes

Levels and vault maps discovered:
D:1:      scummos_arrival_simple_fountains, layout_loops_corners
D:2:      layout_basic, corexii_hall_statues_s, grunt_decor_junction,
          uniq_jessica
D:3:      layout_basic, mainiacjoe_overflow_alcove_1, uniq_grinder, uniq_natasha
D:4:      layout_loops_cross, lemuel_doored_altar, marbit_many_paths,
          temple_pool_b, corexii_checkpoint, uniq_duvessa, uniq_menkaure
D:5:      layout_basic, nicolae_yredelemnul_ghost_church,
          nicolae_ossuary_entry_plus, nicolae_half_adder
D:6:      layout_basic, ebering_ghost_sewer_f
D:7:      layout_basic
D:8:      layout_cave_pools, mainiacjoe_overflow_24_doors, minmay_misc_feat_rows
D:9:      layout_basic, ebering_ghost_xom, serial_glass, glass_columns_a,
          glass_columns_c, minmay_starry_boxes, uniq_maggie
D:10:     layout_cave_pools, okawaru_trees_1, nicolae_overflow_squiral,
          ebering_ghost_gozag, corexii_leaking_fountain
D:11:     layout_loops_ring, lair_entry_dummy, zombieorc1_lemuel,
          portal_ice_cave_entry_ice_simulacra, minmay_misc_feat_plants
IceCv:    ice_cave_tombish

Skill      XL: |  1  2  3  4  5  6  7  8  9 10 |
---------------+-------------------------------+-----
Fighting       | 1 2 3 4 5 6 |  6.4
Unarmed Combat | 3 4 5 6 7 9 10 | 10.7
Dodging        | 2 3 4 5 |  5.8
Armour         | 1 2 4 5 |  5.0
Shapeshifting  | 3 4 5 6 |  6.6
Stealth        | |  0.1
Evocations     | |  0.7

Action                     |  1- 3 |  4- 6 |  7- 9 | 10-12 || total
---------------------------+-------+-------+-------+-------++-------
  Melee: Unarmed           |   107 |   187 |   446 |   219 ||   959
         Punch             |     1 |     3 |    24 |    17 ||    45
  Evoke: Wand              |       |       |     3 |       ||     3
    Use: Scroll            |       |     7 |    17 |     5 ||    29
         Potion            |       |     1 |     5 |     8 ||    14
   Stab: Sleeping          |     2 |       |       |       ||     2
 Armour: Animal skin       |     7 |       |       |       ||     7
         Ring mail         |    44 |   124 |   219 |   158 ||   545
         Skin              |       |     2 |       |     6 ||     8
         Acid dragon scale |       |       |       |     9 ||     9
  Dodge: Dodged            |    47 |   119 |   221 |   137 ||   524
